 Dungeon Crawl Stone Soup version 0.30-a0-765-g3161bf10a1 (webtiles) character file.

Game seed: 1606853858380119941

2029 CoinPitGoblin the Covert (level 9, -1/30 HPs)
             Began as a Felid Enchanter on Feb 10, 2023.
             Was a Follower of Dithmenos.
             Slain by a bullfrog (7 damage)
             ... on level 7 of the Dungeon on Feb 12, 2023.
             The game lasted 00:30:13 (8510 turns).

CoinPitGoblin the Covert (Felid Enchanter)          Turns: 8510, Time: 00:30:14

Health: -1/30      AC:  2    Str:  7    XL:     9   Next: 3%
Magic:  25/27      EV: 24    Int: 21    God:    Dithmenos [*.....]
Gold:   489        SH:  0    Dex: 16    Spells: 11/19 levels left
                                        Lives:  0   Deaths: 2

rFire   + . .      SeeInvis +      - Unarmed
rCold   + . .      Faith    .    (shield unavailable)
rNeg    . . .      Spirit   .    (body armour unavailable)
rPois   .          Reflect  .    (helmet unavailable)
rElec   .          Harm     .    (cloak unavailable)
rCorr   .          Rampage  .    (gloves unavailable)
Will    +....                    (boots unavailable)
Stlth   +++++++                  (no amulet)
HPRegen 0.25/turn                f - ring "Duoss" {rF+ EV+5 Str+3 Stlth+}
MPRegen 0.20/turn                r - ring of magical power

@: wreathed by umbra, quick
A: very small, claws 1, fangs 3, see invisible, speed 1, shaggy fur 2, stealthy
paws, no weapons or thrown items, no armour, multi-lived, cold resistance 1,
frail 1
a: Renounce Religion


You were on level 7 of the Dungeon.
You worshipped Dithmenos.
Dithmenos was aware of your devotion.
You visited 2 branches of the dungeon, and saw 9 of its levels.

You collected 489 gold pieces.

Inventory:

Jewellery
 f - the ring "Duoss" (left paw) {rF+ EV+5 Str+3 Stlth+}
   (You acquired it on level 3 of the Dungeon)

   [ring of evasion]

   EV:        It affects your evasion (+5).
   Str:       It affects your strength (+3).
   rF:        It protects you from fire.
   Stlth:     It makes you more stealthy.
 r - a ring of magical power (right paw)
Wands
 x - a wand of iceblast (6)
Scrolls
 b - a scroll of silence
 j - 7 scrolls of teleportation
 k - a scroll of fear
 m - 3 scrolls of fog
 o - 3 scrolls of summoning
 t - a scroll of blinking
 w - a scroll of vulnerability {unknown}
Potions
 a - a potion of invisibility
 c - 2 potions of heal wounds
 d - a potion of attraction
 e - a potion of haste
 g - a potion of brilliance
 h - a potion of might
 i - 2 potions of flight
 l - a potion of lignification
 n - a potion of magic {unknown}
 p - 2 potions of cancellation
 q - 2 potions of curing
 u - a potion of mutation
 v - a potion of degeneration {unknown}
Miscellaneous
 s - a piece from Xom's chessboard (15/15)


   Skills:
 + Level 0.7 Fighting
 + Level 4.8 Dodging
 + Level 11.4 Stealth
 + Level 6.2 Unarmed Combat
 + Level 5.7 Spellcasting
 + Level 10.0 Hexes


You had 11 spell levels left.
You knew the following spells:

 Your Spells              Type           Power      Damage    Failure   Level
a - Confusing Touch       Hex            48%        N/A       1%          3
q - Ensorcelled Hibernat  Hex/Ice        54%        N/A       1%          2
s - Tukima's Dance        Hex            48%        N/A       1%          3

Your spell library contained the following spells:

 Spells                   Type           Power      Damage    Failure   Level
 Dazzling Flash           Conj/Hex       54%        N/A       3%          3
 Apportation              Tloc           12%        N/A       10%         1
 Necrotise                Necr           24%        1d5       10%         1
 Summon Small Mammal      Summ           24%        N/A       10%         1
 Sublimation of Blood     Necr           6%         N/A       16%         2
 Metabolic Englaciation   Hex/Ice        13%        N/A       34%         5
 Petrify                  Tmut/Erth      6%         N/A       69%         4
 Irradiate                Conj/Tmut      3%         3d12      95%         5
 Statue Form              Tmut/Erth      4%         N/A       100%        6


Dungeon Overview and Level Annotations

Branches:
Dungeon (8/15)             Temple (1/1) D:5
   Lair: D:8-11

Altars:
Ashenzari
Cheibriados
Dithmenos
Fedhas
Gozag
Kikubaaqudgha
Makhleb
Nemelex Xobeh
Okawaru
Qazlal
Ru
Sif Muna
Trog
Uskayaw
Vehumet
Xom
Yredelemnul
Zin
The Shining One

Shops:
D:1 ?

Annotations:
D:3 3 runed translucent doors, Ijustatesigmund's ghost, amateur DECj


Innate Abilities, Weirdness & Mutations

You have sharp claws.
You have razor-sharp teeth.
You have supernaturally acute eyesight. (SInv)
You cover ground quickly. (Speed+)
You are covered in thick fur. (AC +2)
Your paws help you pounce on unaware monsters.
You are incapable of wielding weapons or throwing items.
You cannot wear armour.
You gain extra lives every three experience levels.
Your flesh is cold resistant. (rC+)
You are frail. (-10% HP)


Message History

A killer bee comes into view.
Found a scroll labelled YKLENA QUUVYSA.
The helpless killer bee fails to defend itself.
You eviscerate the killer bee!!!
You kill the killer bee!
Dithmenos accepts your kill.
The killer bee buzzes angrily. x4; The bullfrog gives a loud, deep croak!
The killer bee misses you. The killer bee closely misses you. x2
There is a stone staircase leading up here.
The killer bee completely misses you. The bullfrog hits you.
The killer bee misses you. The killer bee barely misses you.
You climb upwards.
There is a stone staircase leading down here.
Your paws begin to glow red.
The bullfrog misses you. The killer bee completely misses you.
The bullfrog barely misses you. The killer bee closely misses you.
You miss the killer bee. The killer bee closely misses you.
The bullfrog misses you.
You miss the killer bee. The killer bee completely misses you.
The bullfrog completely misses you. The killer bee completely misses you.
You barely miss the killer bee. The killer bee misses you.
The bullfrog hits you. The killer bee closely misses you.
The bullfrog misses you.
You scratch the killer bee but do no damage.
The killer bee appears confused.
You bite the killer bee.
The killer bee is lightly wounded.
The killer bee stings you!
The killer bee stings itself.
The bullfrog closely misses you.
You scratch the killer bee.
You bite the killer bee, but do no damage.
The killer bee is heavily wounded.
The bullfrog hits you.
* * * LOW HITPOINT WARNING * * *
The bullfrog attacks as you move away! The bullfrog completely misses you.
The bullfrog barely misses you.
You closely miss the killer bee.
The killer bee is heavily wounded.
The bullfrog hits you!
You die...

#### #... ##### #.##
#...########### ### ##.##
#..(..........###.######.[.#
#...#########.##.#..........
##.## #.###..#####.#.. #.#
#######y###..# ##.#. #.#
#..yF@.......# ##.. #.#
##^#####......# #..
#.###...########### #..
#.........# #.. #####...#.#
#.. ##.##.# #############..
#.##.# #..........##..
#.##.# #<########.##.#
#.##.# #.# #....#


You could see a bullfrog and 2 killer bees.

Vanquished Creatures
  Pikel (D:6)
  Grinder (D:5)
  Sigmund (D:4)
  Menkaure (D:6)
  An ice beast (D:6)
  A sky beast (D:6)
  An ogre (D:6)
  3 centaurs
  4 lemures (D:4)
  A kobold brigand (D:6)
  A gnoll sergeant (D:6)
  2 bullfrogs
  A necrophage (D:4)
  9 wights (D:7)
  A killer bee (D:8)
  A howler monkey (D:7)
  A jelly (D:5)
  2 orc priests (D:6)
  A gnoll bouda (D:4)
  4 hounds
  An iguana (D:5)
  An orc wizard (D:7)
  13 gnolls
  8 adders
  A shadow imp (D:6)
  3 white imps
  3 ufetubi
  3 worms (D:2)
  2 dart slugs
  12 orcs
  7 bats
  8 endoplasms
  2 giant cockroaches
  7 goblins
  12 hobgoblins
  6 jackals (D:1)
  2 quokkas (D:1)
  9 ball pythons
  11 frilled lizards
  13 kobolds
  6 rats
168 creatures vanquished.

Vanquished Creatures (collateral kills)
  A kobold brigand (D:6)
  An orc priest (D:6)
  A hound (D:6)
  A gnoll (D:6)
  A hobgoblin (D:6)
  A kobold (D:6)
6 creatures vanquished.

Vanquished Creatures (others)
  28 plants (D:6)
  5 withered plants (D:6)
33 creatures vanquished.

Grand Total: 207 creatures vanquished

Notes
Turn   | Place    | Note
-------+----------+-------------------------------------------
     0 | D:1      | CoinPitGoblin the Felid Enchanter began the quest for the
                  | Orb.
     0 | D:1      | Reached XP level 1. HP: 7/7 MP: 4/4
   114 | D:1      | Reached XP level 2. HP: 10/11 MP: 6/6
   117 | D:1      | Learned a level 2 spell: Ensorcelled Hibernation
   311 | D:1      | Found Hufany Miul's Magic Scroll Shop.
   650 | D:1      | Reached skill level 5 in Hexes
   770 | D:1      | Reached XP level 3. HP: 14/14 MP: 7/7
  1008 | D:2      | Reached skill level 5 in Stealth
  1234 | D:2      | Reached XP level 4. HP: 18/18 MP: 5/8
  1494 | D:2      | Learned a level 3 spell: Confusing Touch
  2237 | D:3      | Found a runed translucent gate.
  2237 | D:3      | Found a runed translucent gate.
  2238 | D:3      | Found a runed translucent gate.
  2239 | D:3      | Found an opulent altar of Gozag.
  2563 | D:3      | Noticed Ijustatesigmund's ghost (amateur DECj)
  2643 | D:3      | Found an opulent altar of Gozag.
  2666 | D:3      | Found a faded altar of an unknown god.
  2744 | D:3      | Gained mutation: Your muscles are strong. (Str +4, Int/Dex
                  | -1) [potion of mutation]
  2744 | D:3      | Gained mutation: You are frail. (-10% HP) [potion of
                  | mutation]
  2744 | D:3      | Gained mutation: You are strong-willed. (Will+) [potion of
                  | mutation]
  2746 | D:3      | Succumbed to a hobgoblin's poison
  2747 | D:3      | Reached XP level 3. HP: 0/12 MP: 4/8
  2754 | D:3      | Identified a scroll of acquirement
  2754 | D:3      | Acquired the ring "Duoss" {rF+ EV+5 Str+3 Stlth+}
  3140 | D:4      | Reached XP level 4. HP: 16/16 MP: 9/9
  3234 | D:4      | Noticed a necrophage
  3243 | D:4      | Killed a necrophage
  3244 | D:4      | Reached skill level 6 in Stealth
  3244 | D:4      | Reached XP level 5. HP: 11/18 MP: 10/10
  3432 | D:4      | Noticed a lemure
  3432 | D:4      | Noticed a lemure
  3434 | D:4      | Noticed Pikel
  3437 | D:4      | Noticed a lemure
  3490 | D:4      | Killed a lemure
  3836 | D:4      | Found a burning altar of Makhleb.
  3854 | D:4      | Noticed Sigmund
  3862 | D:4      | Killed Sigmund
  3863 | D:4      | Gained mutation: You are covered in thick fur. (AC +2)
                  | [Felid growth]
  3863 | D:4      | Reached XP level 6. HP: 22/22 MP: 8/12
  3863 | D:4      | Lost mutation: Your muscles are strong. (Str +4, Int/Dex
                  | -1) [potion of mutation]
  3863 | D:4      | Lost mutation: You are strong-willed. (Will+) [potion of
                  | mutation]
  3863 | D:4      | Gained mutation: Your flesh is cold resistant. (rC+)
                  | [potion of mutation]
  4610 | D:5      | Entered Level 5 of the Dungeon
  4734 | D:5      | Noticed Grinder
  4748 | D:5      | Paralysed by Grinder for 2 turns
  4848 | D:5      | Found a staircase to the Ecumenical Temple.
  4857 | Temple   | Entered the Ecumenical Temple
  5079 | Temple   | Became a worshipper of Dithmenos the Shadowed
  5175 | D:5      | Reached skill level 7 in Stealth
  5375 | D:5      | Reached XP level 7. HP: 25/25 MP: 13/13
  5545 | D:5      | Identified the +1 ring mail of Hedging {Rampage rElec rF+++
                  | Int-2}
  5678 | D:5      | Found a basalt altar of Yredelemnul.
  5814 | D:5      | Killed Grinder
  6055 | D:6      | Reached skill level 8 in Stealth
  6055 | D:6      | Noticed Menkaure
  6065 | D:6      | Killed Menkaure
  6066 | D:6      | Reached XP level 8. HP: 10/27 MP: 15/15
  6238 | D:6      | Killed Pikel
  6239 | D:6      | Reached skill level 9 in Stealth
  6239 | D:6      | Reached skill level 5 in Unarmed Combat
  6593 | D:6      | Reached skill level 10 in Stealth
  6601 | D:6      | Found an ancient bone altar of Kikubaaqudgha.
  6820 | D:6      | Reached * piety under Dithmenos
  6828 | D:6      | Reached skill level 5 in Spellcasting
  7027 | D:6      | Reached XP level 9. HP: 12/30 MP: 17/17
  7084 | D:6      | Shot with an arrow by a centaur
  7085 | D:6      | Reached XP level 8. HP: -1/27 MP: 20/25
  7250 | D:6      | Reached skill level 11 in Stealth
  7504 | D:6      | Upgraded the game from 0.30-a0-758-gc2c871d025 to
                  | 0.30-a0-760-g5a9884bb7c
  7504 | D:6      | Upgraded the game from 0.30-a0-760-g5a9884bb7c to
                  | 0.30-a0-765-g3161bf10a1
  7508 | D:6      | Learned a level 3 spell: Tukima's Dance
  8345 | D:7      | Reached skill level 10 in Hexes
  8345 | D:7      | Reached XP level 9. HP: 30/30 MP: 18/18
  8510 | D:7      | Slain by a bullfrog

Illustrated notes

Levels and vault maps discovered:
D:1:      saegor_arrival_simple_b, layout_rooms, serial_shops,
          nicolae_shop_temple_entry_statues_fountains
D:2:      layout_basic, serial_bayou_pond_b, minmay_mini_jars
D:3:      layout_basic, mainiacjoe_overflow_six_doors_small,
          shapermc_ecumenical_altar_petra, ebering_ghost_gozag
D:4:      layout_loops_ring, marbit_many_paths, chequers_serial_rivers_small_a,
          minmay_door_square, uniq_pikel, uniq_sigmund
D:5:      layout_basic, general_overflow_altar, minmay_temple_entry_junction_2,
          minmay_quadrilaterals, uniq_grinder
D:6:      kennysheep_housing_project, layout_rooms, kiku_gazebo_garden_becter,
          uniq_menkaure
D:7:      layout_loops_ring
D:8:      layout_gridville
Temple:   regret_index_temple_generic_petals

Skill      XL: |  1  2  3  4  5  6  7  8 |
---------------+-------------------------+-----
Dodging        | 3 4 |  4.8
Hexes          | 5 6 7 10 | 10.0
Stealth        | 5 6 7 8 11 | 11.4
Unarmed Combat | 2 3 4 6 |  6.2
Spellcasting   | 3 4 5 |  5.7
Fighting       | |  0.7

Action                     |  1- 3 |  4- 6 |  7- 9 || total
---------------------------+-------+-------+-------++-------
  Melee: Unarmed           |   115 |   164 |   188 ||   467
         Bite              |     8 |    14 |    30 ||    52
         Punch             |     3 |     4 |     6 ||    13
   Cast: Ensorcelled Hiber |    25 |    72 |    23 ||   120
         Confusing Touch   |       |     3 |    29 ||    32
    Use: Potion            |     1 |     5 |     1 ||     7
         Scroll            |    11 |     2 |     5 ||    18
   Stab: Sleeping          |    20 |    41 |    30 ||    91
         Invisible         |     1 |       |     3 ||     4
         Confused          |       |     4 |    19 ||    23
 Armour: Skin              |    17 |     6 |     3 ||    26
  Dodge: Dodged            |   111 |   156 |   159 ||   426

Table legend: (Time is in decaauts)
 A = Elapsed time spent in this place.
 B = Non-inter-level travel time spent in this place.
 C = Inter-level travel time spent in this place.
 D = Time resting spent in this place.
 E = Time spent auto-exploring this place.
 F = Levels seen in this place.
 G = Mean time per level.
                   A        B        C        D        E       F      G
               +--------+--------+--------+--------+--------+-----+--------+
         Total |   7445 |   6853 |    592 |    384 |   4636 |   9 |  827.2 |
       Dungeon |   7245 |   6692 |    553 |    384 |   4484 |   8 |  905.6 |
        Temple |    199 |    160 |     39 |      0 |    152 |   1 |  199.0 |
               +--------+--------+--------+--------+--------+-----+--------+

Top non-repeatable levels by time:
     D:6: 1499 daAuts
     D:4: 1375 daAuts
     D:2: 983 daAuts
     D:3: 975 daAuts
     D:5: 912 daAuts
     D:1: 798 daAuts
     D:7: 691 daAuts
  Temple: 199 daAuts
     D:8: 9 daAuts
